 Dungeon Crawl Stone Soup version 0.28.0-45-g0d030f2227 (webtiles) character file.

Game seed: 12309998053725451758

1472 Kaptain the Digger (level 8, -4/48 HPs)
             Began as a Gargoyle Earth Elementalist on Apr 14, 2022.
             Slain by Harold
             ... wielding a +0 glaive
              (13 damage)
             ... on level 7 of the Dungeon.
             The game lasted 00:12:17 (6896 turns).

Kaptain the Digger (Gargoyle Earth Elementalist)    Turns: 6896, Time: 00:12:18

Health: -4/48      AC: 12    Str: 13    XL:     8   Next: 78%
Magic:  0/15       EV:  6    Int: 17    God:
Gold:   338        SH:  0    Dex: 10    Spells: 12/16 levels left

rFire   . . .      SeeInvis .   r - staff of earth
rCold   . . .      Faith    .   (no shield)
rNeg    + . .      Spirit   .   l - +3 leather armour
rPois   ∞          Reflect  .   (no helmet)
rElec   +          Harm     .   (no cloak)
rCorr   .          Rampage  .   (no gloves)
Will    .....                   (no boots)
Stlth   ++........              (no amulet)
HPRegen 0.16/turn               (no ring)
MPRegen 0.14/turn               (no ring)

@: held
A: sickness immunity, AC +5, negative energy resistance 1, electricity
resistance, torment resistance 1, petrification resistance
a: no special abilities


You were on level 7 of the Dungeon.
You visited 2 branches of the dungeon, and saw 9 of its levels.

You collected 338 gold pieces.

Inventory:

Hand Weapons
 d - a +3 trident
 j - a +1 dagger of venom
Missiles
 c - 67 stones
Armour
 a - a +1 leather armour of cold resistance
 l - a +3 leather armour (worn)
 s - a +0 pair of boots
Magical Staves
 r - a staff of earth (weapon)
 t - a staff of fire
Wands
 f - a wand of polymorph (6)
 k - a wand of iceblast (19)
 p - a wand of digging (3)
 u - a wand of paralysis (9)
Scrolls
 b - a scroll of blinking
 e - a scroll of fog
 g - a scroll of silence
 i - a scroll of magic mapping
Potions
 h - 2 potions of flight
 m - a potion of berserk rage {unknown}
 n - 2 potions of curing {unknown}
 o - 2 potions of invisibility {unknown}
 q - a potion of experience {unknown}
 x - a potion of mutation {unknown}


   Skills:
 * Level 4.9 Fighting
 + Level 3.3 Armour
 + Level 3.0 Dodging
 - Level 2.1 Stealth
 * Level 4.6 Spellcasting
 * Level 5.0 Conjurations
 - Level 0.7 Transmutations
 * Level 6.8 Earth Magic


You had 12 spell levels left.
You knew the following spells:

 Your Spells              Type           Power      Damage    Failure   Level
a - Sandblast             Erth           80%        2d17      1%          1
b - Stone Arrow           Conj/Erth      72%        3d11      4%          3

Your spell library contained the following spells:

 Spells                   Type           Power      Damage    Failure   Level
 Passwall                 Tmut/Erth      20%        N/A       6%          2
 Freeze                   Ice            12%        1d4       19%         1
 Petrify                  Tmut/Erth      25%        N/A       36%         4
 Frozen Ramparts          Ice            6%         1d2       50%         3
 Tukima's Dance           Hex            3%         N/A       50%         3
 Hailstorm                Conj/Ice       12%        3d5       54%         4
 Passage of Golubria      Tloc           3%         N/A       88%         4
 Yara's Violent Unravell  Hex/Tmut       2%         3d3       99%         5


Dungeon Overview and Level Annotations

Branches:
Dungeon (8/15)             Temple (1/1) D:5
   Lair: D:8-11

Altars:
Ashenzari
Cheibriados
Dithmenos
Fedhas
Gozag
Hepliaklqana
Kikubaaqudgha
Makhleb
Okawaru
Ru
Trog
Uskayaw
Wu Jian
Yredelemnul
Zin
The Shining One

Annotations:
D:3 2 transporters, hitsuchi's ghost, weakling DEWz
D:7 Harold
D:8 Pikel


Innate Abilities, Weirdness & Mutations

You are immune to sickness and miasma.
Your stone body is resilient. (AC +5)
You are immune to poison.
You resist negative energy. (rN+)
You are resistant to electric shocks. (rElec)
You are resistant to unholy torment.
You are immune to petrification.


Message History

Aim: Harold, wielding a +0 glaive, wearing a +0 scale mail and quivering 2 throwing nets (lightly wounded, 90% to hit)
You feel a surge of power!
The blast of sand hits Harold!
Harold is moderately wounded.
Harold throws a throwing net.
The throwing net hits you.
You become entangled in the net!
Casting: Sandblast (safe; 1% risk of failure)
Confirm with . or Enter, or press ? or * to list all spells.
Aiming: Sandblast (safe; 1% risk of failure)
Press: ? - help, Shift-Dir - straight line, f/p - Harold
Aim: Harold, wielding a +0 glaive, wearing a +0 scale mail and quivering a throwing net (moderately wounded, 90% to hit)
You feel a surge of power!
The blast of sand hits Harold.
Harold is moderately wounded.
Harold hits you from afar with a +0 glaive!
Casting: Sandblast (safe; 1% risk of failure)
Confirm with . or Enter, or press ? or * to list all spells.
Aiming: Sandblast (safe; 1% risk of failure)
Press: ? - help, Shift-Dir - straight line, f/p - Harold
Aim: Harold, wielding a +0 glaive, wearing a +0 scale mail and quivering a throwing net (moderately wounded, 90% to hit)
You feel a surge of power!
The blast of sand hits Harold!
Harold is heavily wounded.
Harold hits you from afar with a +0 glaive!
Casting: Sandblast (safe; 1% risk of failure)
Confirm with . or Enter, or press ? or * to list all spells.
Aiming: Sandblast (safe; 1% risk of failure)
Press: ? - help, Shift-Dir - straight line, f/p - Harold
Aim: Harold, wielding a +0 glaive, wearing a +0 scale mail and quivering a throwing net (heavily wounded, 90% to hit)
You feel a surge of power!
The blast of sand hits Harold!
Harold is heavily wounded.
Harold hits you from afar with a +0 glaive!
* * * LOW HITPOINT WARNING * * *
Unknown command.
Casting: Sandblast (safe; 1% risk of failure)
Confirm with . or Enter, or press ? or * to list all spells.
Aiming: Sandblast (safe; 1% risk of failure)
Press: ? - help, Shift-Dir - straight line, f/p - Harold
Aim: Harold, wielding a +0 glaive, wearing a +0 scale mail and quivering a throwing net (heavily wounded, 90% to hit)
You feel a surge of power!
The blast of sand hits Harold.
Harold is heavily wounded.
Harold hits you from afar with a +0 glaive!
You die...

!. #.# #. #.# #. #.#
#. #.#
###.####.######..#
#.##).h.......>.....#
...$..h...@.######..#
#.##.######†# #@# #.#
#.# #.# #.# #[# #.#
#.# #.#


You could see Harold.

Vanquished Creatures
  The ghost of AarnesTheHuman the Digger, an amateur GrEE (D:5)
  A sky beast (D:5)
  A necrophage (D:4)
  A black bear (D:5)
  A lemure (D:7)
  2 phantoms
  A bullfrog (D:8)
  A scorpion (D:5)
  A water moccasin zombie (D:5)
  2 howler monkeys (D:7)
  3 wights (D:8)
  A bullfrog zombie (D:5)
  3 hounds
  2 orc priests (D:4)
  A bullfrog skeleton (D:5)
  Ijyb (D:3)
  Terence (D:3)
  2 iguanas
  An orc wizard (D:5)
  3 gnolls (D:5)
  4 adders
  A white imp (D:4)
  An adder skeleton (D:4)
  A worm (D:5)
  4 dart slugs
  6 orcs
  4 endoplasms
  3 giant cockroaches
  17 goblins
  7 hobgoblins
  10 jackals
  5 kobolds
  5 quokkas
  7 ball pythons
  5 bats
  4 frilled lizards
  6 rats
120 creatures vanquished.

Notes
Turn   | Place    | Note
-------+----------+-------------------------------------------
     0 | D:1      | Kaptain the Gargoyle Earth Elementalist began the quest for
                  | the Orb.
     0 | D:1      | Reached XP level 1. HP: 10/10 MP: 3/3
   185 | D:1      | Reached XP level 2. HP: 16/16 MP: 1/5
   685 | D:1      | Reached skill level 1 in Fighting
   685 | D:1      | Reached skill level 1 in Conjurations
   801 | D:1      | Reached XP level 3. HP: 20/20 MP: 0/6
   805 | D:1      | Learned a level 3 spell: Stone Arrow
  1036 | D:1      | Found a faded altar of an unknown god.
  1053 | D:1      | Reached skill level 4 in Earth Magic
  1658 | D:2      | Reached XP level 4. HP: 25/25 MP: 7/7
  2176 | D:3      | Reached skill level 1 in Armour
  2284 | D:3      | Found a transporter.
  2584 | D:3      | Noticed Terence
  2592 | D:3      | Killed Terence
  2593 | D:3      | Reached XP level 5. HP: 28/30 MP: 0/9
  2813 | D:3      | Noticed hitsuchi's ghost (weakling DEWz)
  2817 | D:3      | Noticed a phantom
  2957 | D:3      | Found an ornate altar of the Wu Jian Council.
  2974 | D:3      | Found a transporter.
  2979 | D:3      | Noticed a +0 hand axe
  2980 | D:3      | Found a hide-covered altar of Uskayaw.
  2980 | D:3      | Noticed a +0 dagger
  3088 | D:3      | Noticed Ijyb
  3123 | D:3      | Killed Ijyb
  3328 | D:4      | Reached XP level 6. HP: 32/36 MP: 1/10
  3408 | D:4      | Noticed a necrophage
  3414 | D:4      | Killed a necrophage
  3887 | D:4      | Reached skill level 5 in Earth Magic
  4275 | D:4      | Reached XP level 7. HP: 40/41 MP: 9/12
  4668 | D:5      | Entered Level 5 of the Dungeon
  4905 | D:5      | Found a staircase to the Ecumenical Temple.
  5128 | D:5      | Reached XP level 8. HP: 48/48 MP: 6/14
  5194 | D:5      | Found a runed translucent door.
  5196 | D:5      | Noticed AarnesTheHuman's ghost (amateur GrEE)
  5220 | D:5      | Reached skill level 6 in Earth Magic
  5334 | D:5      | Killed AarnesTheHuman's ghost
  6123 | D:5      | Found an ancient bone altar of Kikubaaqudgha.
  6123 | D:5      | Found an opulent altar of Gozag.
  6373 | Temple   | Entered the Ecumenical Temple
  6499 | D:6      | You fall into a shaft and drop 2 floors!
  6684 | D:8      | Noticed Pikel
  6883 | D:7      | Reached skill level 5 in Conjurations
  6889 | D:7      | Noticed Harold
  6896 | D:7      | Slain by Harold

Illustrated notes

Levels and vault maps discovered:
D:1:      mainiacjoe_arrival_reflecting_pool, layout_loops_corners,
          shapermc_ecumenical_altar_mp_highgroup, minmay_misc_feat_four_crosses
D:2:      layout_loops_ring, kennysheep_generic_room_13
D:3:      kennysheep_the_goblin_king, layout_basic,
          mainiacjoe_overflow_alcove_2, dancing_weapons_uskayaw,
          gammafunk_ghost_mausoleum, uniq_terence, uniq_crazy_yiuf_cottage,
          uniq_ijyb
D:4:      layout_gridville, dk_noncrumbling_4
D:5:      layout_loops_corners, gammafunk_temple_overflow_wave, temple_pool_b,
          ebering_ghost_sewer_d, kennysheep_cross_bottleneck
D:6:      layout_basic, grunt_qazlal_sundering, marbit_many_paths, uniq_maggie
D:7:      layout_loops_ring, led_sif_pool, xom_redecorated, minivault_5,
          uniq_harold, uniq_joseph
D:8:      layout_rooms, vehumet_altar_wand_db, erik_lair_dragon, uniq_psyche,
          uniq_pikel
Temple:   hc_temple_tempest_star

Skill      XL: |  1  2  3  4  5  6  7  8 |
---------------+-------------------------+-----
Fighting       | 1 2 3 4 |  4.9
Conjurations   | 1 2 3 4 5 |  5.0
Earth Magic    | 4 5 6 |  6.8
Armour         | 1 2 3 |  3.3
Dodging        | 2 3 |  3.0
Spellcasting   | 3 4 |  4.6
Stealth        | |  2.1
Transmutations | |  0.7

Action                   |  1- 3 |  4- 6 |  7- 9 || total
-------------------------+-------+-------+-------++-------
Melee: Hand axe          |    16 |     5 |       ||    21
       Dagger            |       |    60 |     5 ||    65
 Cast: Sandblast         |    44 |    56 |    43 ||   143
       Stone Arrow       |       |    13 |    38 ||    51
  Use: Scroll            |       |       |     8 ||     8
 Stab: Sleeping          |       |     1 |       ||     1
Armor: Leather armour    |    10 |    29 |    17 ||    56
Dodge: Dodged            |    13 |    38 |    22 ||    73
